 Dungeon Crawl Stone Soup version 0.30.0-5-g1a98f26d00 (webtiles) character file.

Game seed: 168617506430990191

81304 qeuew the Tortoise (level 15, -1/187 (244) HPs)
             Began as a Minotaur Fighter on May 12, 2023.
             Was an Initiate of Gozag.
             Slain by xzight's ghost (3 damage)
             ... on level 1 of the Shoals.
             The game lasted 00:39:33 (25336 turns).

qeuew the Tortoise (Minotaur Fighter)              Turns: 25336, Time: 00:39:33

HP:   -1/187 (244)  AC: 34    Str: 29    XL:     15   Next: 26%
MP:   14/14         EV:  2    Int:  5    God:    Gozag
Gold: 72            SH:  8    Dex: 13    Spells: 14/14 levels left

rFire   . . .        a - +1 war axe (protect)
rCold   + + .        c - +1 buckler
rNeg    . . .        G - melded +8 chain mail {rF+}
rPois   +            p - melded +2 hat
rElec   +            B - melded +2 cloak
rCorr   +            (gloves currently unavailable)
SInv    +            g - melded +2 pair of boots
Will    +....        E - amulet of regeneration
Stlth   +            f - ring "Jiol" {rPois rF- rC+ Str+4 SInv}
HPRegen 1.31/turn    u - ring of resist corrosion
MPRegen 0.14/turn

%: no passive effects
@: mighty, tree-form, resistant, gold aura, under a protective aura, studying
Axes, heavily drained, invisible
A: stationary, stasis, torment immunity, boosted hp, (horns 2), (retaliatory
headbutt), robust 2
a: End Transformation, Renounce Religion, Potion Petition, Call Merchant, Bribe
Branch


You were on level 1 of the Shoals.
You worshipped Gozag.
Gozag was noncommittal.
You were a tree.
You visited 5 branches of the dungeon, and saw 20 of its levels.
You visited the Abyss 1 time.
You also visited: Ossuary, Bailey and Volcano.

You collected 6810 gold pieces.
You spent 1860 gold pieces at shops.
You paid 4878 gold pieces to Gozag.

Inventory:

Hand Weapons
 a - a +1 war axe of protection (weapon)
Armour
 c - a +1 buckler (worn)
 g - a +2 pair of boots (melded)
 p - a +2 hat (melded)
 B - a +2 cloak (melded)
 G - a +8 chain mail of fire resistance (melded)
Jewellery
 f - the ring "Jiol" (left branch) {rPois rF- rC+ Str+4 SInv}
   (You bought it in a shop on level 2 of the Orcish Mines)

   [ring of protection from cold]

   Str:       It affects your strength (+4).
   rF:        It makes you vulnerable to fire.
   rC:        It protects you from cold.
   rPois:     It protects you from poison.
   SInv:      It lets you see invisible.
 u - a ring of resist corrosion (right branch)
 E - an amulet of regeneration (around neck)
Wands
 n - a wand of flame (16)
 t - a wand of digging (13)
 v - a wand of charming (10)
 J - a wand of polymorph (2)
Scrolls
 e - a scroll of poison
 h - 3 scrolls of enchant weapon
 i - 5 scrolls of fog
 j - 8 scrolls of teleportation
 k - 6 scrolls of fear
 o - a scroll of enchant armour
 q - 2 scrolls of silence
 s - a scroll of amnesia
 y - 5 scrolls of identify
 D - 2 scrolls of magic mapping
 F - 2 scrolls of brand weapon
Potions
 b - a potion of mutation
 d - 4 potions of might
 l - 3 potions of haste
 m - a potion of cancellation {unknown}
 r - 2 potions of invisibility
 w - a potion of brilliance
 z - 3 potions of curing
 A - 4 potions of ambrosia
 C - a potion of magic
 H - 4 potions of resistance
 I - a potion of flight
Miscellaneous
 x - a lightning rod (inert) (quivered)


   Skills:
 + Level 13.2 Fighting
 + Level 14.8 Axes
 * Level 17.8 Armour
 + Level 11.5 Dodging
 + Level 13.2 Shields
 + Level 9.5 Evocations


You had 14 spell levels left.
You didn't know any spells.
Your spell library contained the following spells:

 Spells                   Type           Power      Damage    Failure   Level
 Apportation              Tloc           0%         N/A       50%         1
 Foxfire                  Conj/Fire      0%         2x1d4     50%         1
 Magic Dart               Conj           0%         1d3       50%         1
 Necrotise                Necr           0%         1d4       50%         1
 Summon Small Mammal      Summ           0%         N/A       50%         1
 Poisonous Vapours        Pois/Air       0%         N/A       65%         2
 Searing Ray              Conj           0%         2d4       65%         2
 Mephitic Cloud           Conj/Pois/Air  0%         N/A       86%         3
 Tukima's Dance           Hex            0%         N/A       86%         3
 Vampiric Draining        Necr           0%         2d6       86%         3
 Anguish                  Hex/Necr       0%         N/A       99%         4
 Fulminant Prism          Conj/Hex       0%         3d5       99%         4
 Passage of Golubria      Tloc           0%         N/A       99%         4
 Agony                    Necr           0%         N/A       100%        5
 Fireball                 Conj/Fire      0%         3d3       100%        5
 Freezing Cloud           Conj/Ice/Air   0%         6-21      100%        5
 Yara's Violent Unravell  Hex/Tmut       0%         3d3       100%        5
 Plasma Beam              Fire/Air       0%         2x1d11    100%        6
 Starburst                Conj/Fire      0%         6d3       100%        6
 Enfeeble                 Hex            0%         N/A       100%        7


Dungeon Overview and Level Annotations

Branches:
Dungeon (11/15)            Temple (1/1) D:6            Lair (5/5) D:11
 Shoals (1/4) Lair:2        Snake (0/4) Lair:2        Slime (0/5) Lair:5
    Orc (2/2) D:9             Elf (0/3) Orc:2       Ossuary (visited)
 Bailey (visited)         Volcano (visited)

Altars:
Ashenzari
Cheibriados
Dithmenos
Elyvilon
Fedhas
Gozag
Hepliaklqana
Makhleb
Nemelex Xobeh
Qazlal
Ru
Sif Muna
Trog
Uskayaw
Vehumet
Wu Jian
Xom
Yredelemnul
The Shining One

Shops:
D:6 *   D:11 *   Orc:2 !*[(![(=

Annotations:
Lair:5 exclusion: 4 oklob plants
Shoals:1 xzight's ghost, adept MiBe


Innate Abilities, Weirdness & Mutations

You are a tree.
Your roots penetrate the ground, keeping you stationary.
You cannot be teleported.
You are immune to unholy pain and torment.
Your maximum health is greatly increased.
Your equipment is partially melded.
((You have a pair of horns on your head.))
((You reflexively headbutt those who attack you in melee.))
You are very robust. (+20% HP)


Message History

The harpy claws you but does no damage.
The merfolk impaler hits you but does no damage. x2 [a] - 324 gold - invisibility and might [b] - 391 gold - lignification, might and resistance [c] - 588 gold - curing, magic and haste Purchase which effect?
You no longer have enough gold to petition Gozag for potion effects.
You turn into a tree.
Your +2 cloak melds into your body.
Your +2 hat melds into your body.
Your +2 pair of boots melds into your body.
Your +8 chain mail of fire resistance melds into your body.
You feel less resistant to fire.
Your roots penetrate the ground.
You feel mightier all of a sudden.
You feel protected.
You are engulfed in a cloud of scalding steam.
* * * LOW HITPOINT WARNING * * *
The harpy barely misses you. The harpy claws you.
* * * LOW HITPOINT WARNING * * *
You hear a loud "Zot"!
The merfolk impaler hits you but does no damage.
The merfolk aquamancer hits you with a +0 rapier.
* * * LOW HITPOINT WARNING * * *
Xzight's ghost hits you!
* * * LOW HITPOINT WARNING * * *
You feel drained.
* * * LOW HITPOINT WARNING * * *
You block the merfolk impaler's attack.
The merfolk impaler hits you from afar with a +2 trident of protection.
* * * LOW HITPOINT WARNING * * *
You feel better.
You are engulfed in a cloud of scalding steam.
The harpy claws you but does no damage. x4
The merfolk impaler is distracted by your dazzling golden aura.
The merfolk aquamancer points at you and mumbles some strange words.
The shard of ice hits you! You partially resist.
* * * LOW HITPOINT WARNING * * *
Xzight's ghost hits you!
* * * LOW HITPOINT WARNING * * *
You feel drained.
You die...
Your body crumbles into a pile of gold.

≈≈≈≈≈~~~~~~~~~~~~~~~~~~~~~~~~~≈≈≈
≈≈≈≈~~~~~~~........§~~~~~~~≈≈≈≈≈≈
≈≈~~~~~~~~.........§~~~≈~~~≈≈≈≈≈≈
≈≈~~~~.~~...........~~§≈≈≈≈≈≈≈≈≈≈
≈~~~~..~~..........§~§§≈≈≈≈≈≈≈≈≈≈
≈~~~~~~..^......§§.§.^~~~≈≈≈≈≈≈≈≈
~~~~~~....^...^.§.§§...~~≈≈≈≈≈≈≈≈
~~~~~..........H.§§..^.~~~≈≈≈≈≈≈≈
~~~~~.....^...}.♣...§...~~≈≈≈≈
.~~~.....#####'mW#####..~~~≈≈≈
.~~~.#...#♣.^./mEm^.♣#..~~~≈≈≈
~~~~~#####...#.#$#.^.#~~~~≈≈≈≈
~.....####........^.^#~~~≈≈≈≈≈
~~..###..#.#.#.#.#.#.#~~~≈≈≈≈≈
~.### ##.#♣..!!["(..♣#~~~≈≈≈≈≈
..# #.#############~~~≈≈≈≈≈ ..#
###..~~~~........~~≈≈≈≈≈≈


You could see 2 merfolk impalers, a merfolk aquamancer, a water elemental
(unable to see you), a harpy (unable to see you) and xzight's ghost.

Vanquished Creatures
  Saint Roka (Orc:2)
  A tentacled monstrosity (Abyss:5)
  2 tentacled starspawn (Abyss:5)
  A kraken (Shoals:1)
  2 dire elephants (Lair:5)
  A merfolk impaler (Shoals:1)
  Fannar (Lair:3)
  3 hydras
  2 vault guards (Bailey)
  Erica (D:8)
  An alligator snapping turtle (Shoals:1)
  A merfolk aquamancer (Shoals:1)
  A centaur warrior (Shoals:1)
  3 boulder beetles
  3 two-headed ogres
  3 death yaks (Lair:5)
  2 thrashing horrors (Abyss:4)
  2 orc high priests (Orc:2)
  A hell knight (Volcano)
  A spectral anaconda (Lair:5)
  A wretched star (Abyss:4)
  2 skysharks
  5 sea snakes
  A salamander mystic (Volcano)
  2 swamp dragons
  3 large abominations
  3 necromancers (Lair:5)
  An obsidian statue (Lair:5)
  6 harpies (Shoals:1)
  3 orc knights (Orc:2)
  4 manticores (Shoals:1)
  5 salamanders (Volcano)
  2 worldbinders (Abyss:4)
  A black mamba (Lair:3)
  Joseph (D:7)
  An orange demon (Abyss:4)
  2 water nymphs (Shoals:1)
  3 merfolk sirens
  12 elephants
  2 dire elephant skeletons
  A torpor snail (Lair:5)
  10 cane toads
  A kobold demonologist (D:10)
  2 rime drakes
  10 komodo dragons
  A polar bear (Lair:5)
  2 merfolk (Shoals:1)
  5 trolls
  A wind drake (Shoals:1)
  2 snapping turtles (Shoals:1)
  Prince Ribbit (Bailey)
  6 hornets
  15 blink frogs
  A shadow (D:11)
  A small abomination (Abyss:4)
  5 wyverns
  2 wraiths
  A ynoxinul (Abyss:5)
  2 basilisks
  50 yaks
  3 humans (Bailey)
  A steam dragon (D:8)
  3 death yak simulacra (Lair:5)
  3 nagas (Lair:2)
  3 wargs
  A spectral cane toad (Lair:5)
  3 acid dragons
  8 water moccasins
  An ice beast (D:7)
  36 orc warriors
  A sky beast (D:6)
  2 black bears
  8 ogres
  5 centaurs
  9 wolves
  A phantom (D:5)
  3 kobold brigands
  19 bullfrogs
  2 gnoll sergeants
  2 scorpions
  5 wights (D:8)
  4 killer bees (D:9)
  An electric eel (D:11)
  3 howler monkeys (D:9)
  7 hounds
  5 jellies
  A sleepcap (D:5)
  24 orc priests
  Terence (D:3)
  Jessica (D:3)
  8 iguanas
  Ijyb (D:3)
  Natasha (twice) (D:2)
  25 orc wizards
  A mummy (Ossuary)
  16 gnolls
  9 adders
  3 shadow imps
  5 white imps
  3 ufetubi
  2 worms
  2 dart slugs
  95 orcs
  9 ball pythons
  6 endoplasms
  2 giant cockroaches
  6 hobgoblins
  7 jackals
  15 kobolds
  4 quokkas
  6 bats
  2 frilled lizards
  8 gnoll skeletons (Ossuary)
  7 goblins
  5 kobold skeletons (Ossuary)
  11 orc skeletons (Ossuary)
  4 rats
  A tentacle (Shoals:1)
643 creatures vanquished.

Vanquished Creatures (others)
  An orc wizard (D:8)
  10 starspawn tentacles
  7 tentacles (Shoals:1)
18 creatures vanquished.

Grand Total: 661 creatures vanquished

Notes
Turn   | Place    | Note
-------+----------+-------------------------------------------
     0 | D:1      | qeuew the Minotaur Fighter began the quest for the Orb.
     0 | D:1      | Reached XP level 1. HP: 19/19 MP: 0/0
   637 | D:1      | Found a faded altar of an unknown god.
   642 | D:1      | Reached XP level 2. HP: 27/27 MP: 1/1
   903 | D:2      | Reached skill level 4 in Armour
  1170 | D:2      | Found a burning altar of Makhleb.
  1501 | D:2      | Reached XP level 3. HP: 33/33 MP: 2/2
  1533 | D:2      | Reached skill level 1 in Dodging
  1588 | D:2      | Noticed Natasha
  1595 | D:2      | Killed Natasha
  1636 | D:2      | Noticed Natasha
  1648 | D:2      | Killed Natasha
  1649 | D:2      | Reached XP level 4. HP: 4/40 MP: 3/3
  2134 | D:3      | Reached skill level 5 in Armour
  2134 | D:3      | Reached XP level 5. HP: 34/46 MP: 4/4
  2305 | D:3      | Noticed Jessica
  2312 | D:3      | Killed Jessica
  2441 | D:3      | Noticed Terence
  2452 | D:3      | Killed Terence
  2942 | D:3      | Noticed Ijyb
  2953 | D:3      | Killed Ijyb
  2954 | D:3      | Reached XP level 6. HP: 42/53 MP: 5/5
  3506 | D:4      | Reached skill level 5 in Shields
  3703 | D:4      | Reached skill level 6 in Armour
  3834 | D:4      | Reached skill level 5 in Fighting
  4185 | D:5      | Entered Level 5 of the Dungeon
  4198 | D:5      | Reached skill level 1 in Evocations
  4245 | D:5      | Reached XP level 7. HP: 61/61 MP: 6/6
  4552 | D:5      | Reached skill level 7 in Armour
  4906 | D:5      | Gained mutation: You are partially covered in iridescent
                  | scales. (AC +2) [potion of mutation]
  4938 | D:6      | HP: 2/61 [white imp (2)]
  4939 | D:6      | Reached XP level 8. HP: 3/69 MP: 7/7
  5156 | D:6      | Found Pol Tiaz's Mass Market.
  5250 | D:6      | Reached skill level 5 in Axes
  5277 | D:6      | Found a staircase to the Ecumenical Temple.
  5294 | Temple   | Entered the Ecumenical Temple
  5377 | Temple   | Became a worshipper of Gozag Ym Sagoz the Greedy
  6141 | D:7      | Reached skill level 8 in Armour
  6403 | D:7      | Noticed Joseph
  6414 | D:7      | Killed Joseph
  6415 | D:7      | Reached XP level 9. HP: 43/78 MP: 8/8
  6811 | D:7      | Reached skill level 5 in Dodging
  6866 | D:7      | Identified the +1 ring mail of Free Expression {Regen+}
  6889 | D:7      | Found a snail-covered altar of Cheibriados.
  7081 | D:8      | Reached skill level 9 in Armour
  7137 | D:8      | Found a sand-covered staircase.
  7148 | Ossuary  | Entered an ossuary
  7705 | D:8      | Noticed Erica
  7716 | D:8      | Killed Erica
  7717 | D:8      | Reached skill level 10 in Armour
  7891 | D:8      | Reached XP level 10. HP: 38/86 MP: 9/9
  8347 | D:9      | Found a flagged portal.
  8359 | Bailey   | Entered a bailey
  8524 | Bailey   | Noticed Prince Ribbit
  8524 | Bailey   | Noticed a vault guard
  8538 | Bailey   | Killed Prince Ribbit
  8539 | Bailey   | Killed a vault guard
  8578 | Bailey   | Noticed a vault guard
  8605 | Bailey   | Killed a vault guard
  8606 | Bailey   | Reached skill level 11 in Armour
  8606 | Bailey   | Reached skill level 5 in Evocations
  8838 | D:9      | Found a blossoming altar of Fedhas.
  8838 | D:9      | Found a sacrificial altar of Ru.
  8838 | D:9      | Found a shimmering blue altar of Sif Muna.
  8847 | D:9      | Found a white marble altar of Elyvilon.
  8848 | D:9      | Found a basalt altar of Yredelemnul.
  8850 | D:9      | Found a radiant altar of Vehumet.
  8851 | D:9      | Found a shimmering altar of Xom.
  8854 | D:9      | Found a sparkling altar of Nemelex Xobeh.
  8879 | D:9      | Found a hide-covered altar of Uskayaw.
  8880 | D:9      | Found an ornate altar of the Wu Jian Council.
  8890 | D:9      | Found a staircase to the Orcish Mines.
  9572 | D:9      | Reached XP level 11. HP: 95/95 MP: 10/10
  9661 | D:10     | Entered Level 10 of the Dungeon
  9685 | D:10     | Noticed a two-headed ogre
  9714 | D:10     | Killed a two-headed ogre
  9905 | D:10     | Reached skill level 12 in Armour
 10415 | D:10     | Found a hazy altar of Hepliaklqana.
 10602 | D:11     | Found a shadowy altar of Dithmenos.
 10850 | D:11     | Found a staircase to the Lair.
 10881 | D:11     | Noticed a two-headed ogre
 10890 | D:11     | Killed a two-headed ogre
 10930 | D:11     | Noticed a boulder beetle
 10946 | D:11     | Noticed a two-headed ogre
 10960 | D:11     | Killed a two-headed ogre
 10964 | D:11     | Killed a boulder beetle
 11329 | D:11     | Reached skill level 13 in Armour
 11489 | D:11     | Bought a lightning rod (4/4) for 480 gold pieces
 11489 | D:11     | Bought a wand of mindburst (7) for 156 gold pieces
 11489 | D:11     | Bought a scroll of teleportation for 48 gold pieces
 11501 | Lair:1   | Entered Level 1 of the Lair of Beasts
 11571 | Lair:1   | Paralysed by a hornet for 3 turns
 11577 | Lair:1   | Paralysed by a hornet for 3 turns
 11590 | Lair:1   | Reached XP level 12. HP: 28/106 MP: 11/11
 12645 | Lair:2   | Reached skill level 10 in Shields
 12787 | Lair:2   | Reached skill level 10 in Fighting
 13154 | Lair:2   | Noticed a four-headed hydra
 13163 | Lair:2   | Killed a four-headed hydra
 13688 | Lair:2   | Found a staircase to the Snake Pit.
 14121 | Lair:2   | Found a staircase to the Shoals.
 14137 | Lair:2   | Reached skill level 10 in Axes
 14500 | Lair:2   | Reached skill level 14 in Armour
 14500 | Lair:2   | HP: 4/107 [poisoned by a cane toad]
 15364 | Lair:3   | Noticed a four-headed hydra
 15374 | Lair:3   | Killed an eight-headed hydra
 15991 | Lair:3   | Noticed Fannar
 16011 | Lair:3   | Killed Fannar
 16234 | Lair:3   | Reached XP level 13. HP: 95/115 MP: 12/12
 17082 | Lair:4   | Reached skill level 15 in Armour
 17402 | Lair:4   | Identified a scroll of acquirement
 18078 | Lair:4   | Acquired a manual of Axes
 18157 | Lair:5   | Entered Level 5 of the Lair of Beasts
 18745 | Lair:5   | Found a staircase to the Slime Pits.
 19238 | Lair:5   | Reached skill level 10 in Dodging
 19244 | Lair:5   | Noticed Nessos
 19252 | Lair:5   | Nessos changed into Nessos the sea snake
 19252 | Lair:5   | Noticed Nessos
 19260 | Lair:5   | Killed Nessos the sea snake
 19503 | Lair:5   | Noticed a dire elephant
 19618 | Lair:5   | Noticed a dire elephant
 19652 | Lair:5   | Killed a dire elephant
 20002 | Lair:5   | Killed a dire elephant
 20220 | Lair:5   | Reached skill level 16 in Armour
 20246 | Lair:5   | Reached XP level 14. HP: 122/126 MP: 13/13
 20998 | Orc:1    | Entered Level 1 of the Orcish Mines
 21182 | Orc:1    | Found a dark tunnel.
 21191 | Volcano  | Entered a volcano
 21794 | Orc:2    | Entered Level 2 of the Orcish Mines
 22162 | Orc:2    | Found Fevudghia's Armour Shoppe.
 22279 | Orc:2    | Found a staircase to the Elven Halls.
 22303 | Orc:2    | Found Jaixir's Distillery.
 22316 | Orc:2    | Found Cicen's General Store.
 22332 | Orc:2    | Lost mutation: You are partially covered in iridescent
                  | scales. (AC +2) [potion of mutation]
 22332 | Orc:2    | Gained mutation: You possess an exceptional clarity of
                  | mind. [potion of mutation]
 22332 | Orc:2    | Lost mutation: You possess an exceptional clarity of mind.
                  | [potion of mutation]
 22332 | Orc:2    | Gained mutation: Your body sometimes deteriorates upon
                  | taking damage. [potion of mutation]
 22333 | Orc:2    | Lost mutation: Your body sometimes deteriorates upon taking
                  | damage. [potion of mutation]
 22333 | Orc:2    | Gained mutation: You have sharp fingernails. [potion of
                  | mutation]
 22341 | Orc:2    | Bought 2 potions of mutation for 208 gold pieces
 22341 | Orc:2    | Lost mutation: You have sharp fingernails. [potion of
                  | mutation]
 22341 | Orc:2    | Gained mutation: You are robust. (+10% HP) [potion of
                  | mutation]
 22341 | Orc:2    | Gained mutation: You are very robust. (+20% HP) [potion of
                  | mutation]
 22504 | Orc:2    | Found Uczerir's Jewellery Shoppe.
 22512 | Orc:2    | Bought the ring "Jiol" {rPois rF- rC+ Str+4 SInv} for 668
                  | gold pieces
 22588 | Orc:2    | Found Ryephe's Distillery.
 22621 | Orc:2    | Bought 2 potions of invisibility for 240 gold pieces
 22621 | Orc:2    | Bought a potion of might for 60 gold pieces
 22888 | Orc:2    | Noticed Saint Roka
 22923 | Orc:2    | Found Ihocax's Antique Weapon Shoppe.
 23076 | Abyss:4  | Cast into level 4 of the Abyss (Saint Roka)
 23078 | Abyss:4  | Found a corrupted altar of Lugonu.
 23101 | Abyss:4  | Noticed a deep elf blademaster
 23119 | Abyss:4  | Found a corrupted altar of Lugonu.
 23141 | Abyss:4  | Noticed a tentacled starspawn
 23148 | Abyss:4  | Found a corrupted altar of Lugonu.
 23162 | Abyss:4  | Noticed a tentacled monstrosity
 23165 | Abyss:4  | Noticed a red very ugly thing
 23167 | Abyss:4  | Noticed a red very ugly thing
 23363 | Abyss:4  | Noticed a tentacled starspawn
 23376 | Abyss:4  | Noticed a tentacled monstrosity
 23416 | Abyss:5  | Killed a tentacled monstrosity
 23417 | Abyss:5  | Reached skill level 17 in Armour
 23422 | Abyss:5  | Noticed a tentacled starspawn
 23436 | Abyss:5  | Killed a tentacled starspawn
 23470 | Abyss:5  | Noticed a tentacled starspawn
 23495 | Abyss:5  | Killed a tentacled starspawn
 23498 | Orc:2    | Escaped the Abyss
 23643 | Orc:2    | Killed Saint Roka
 23760 | Orc:2    | Found Ogit's Antique Armour Emporium.
 23966 | Orc:2    | Found Ufaom's Antique Weapon Shoppe.
 24301 | Shoals:1 | Entered Level 1 of the Shoals
 24523 | Shoals:1 | Reached XP level 15. HP: 148/160 MP: 14/14
 24730 | Shoals:1 | Noticed a kraken
 24741 | Shoals:1 | Killed a kraken
 24797 | Shoals:1 | Found a runed translucent gate.
 24798 | Shoals:1 | Found a runed translucent gate.
 24799 | Shoals:1 | Found a runed translucent gate.
 24814 | Shoals:1 | Noticed xzight's ghost (adept MiBe)
 25335 | Shoals:1 | HP: 8/192 [merfolk impaler/+2 trident of protection (6)]
 25336 | Shoals:1 | HP: 2/192 [xzight's ghost (8)]
 25336 | Shoals:1 | Slain by xzight's ghost

Illustrated notes

Levels and vault maps discovered:
D:1:      dreamdust_arrival_sigmund_warning, layout_loops_corners,
          ebering_ecumenical_altar_webs
D:2:      minmay_recursive_quarters, layout_loops_ring, basic_altar,
          grunt_ministairs_6, uniq_natasha
D:3:      wad_woods_pond, layout_loops_ring, uniq_jessica, uniq_terence,
          uniq_ijyb
D:4:      layout_basic
D:5:      layout_basic, minmay_misc_feat_nine_boxes, minmay_statues_item
D:6:      layout_gridville, minmay_temple_entry_proselytizer, hex_tiny,
          minmay_shop_mass
D:7:      layout_basic, general_overflow_altar, uniq_joseph
D:8:      layout_rooms, enter_ossuary_1, uniq_erica
D:9:      layout_roguey, nicolae_overflow_hallway_of_the_gods, orc_david_3,
          enter_bailey_2, dk_noncrumbling_3, grunt_ministairs_14
D:10:     layout_basic, mainiacjoe_overflow_tiny_flanked,
          hangedman_abyss_or_decor_clamps, minmay_crystal_room
D:11:     layout_rooms, erik_lair_island, grunt_dithmenos_smoke_and_mirrors
Temple:   hellmonk_temple_flake
Lair:1:   layout_hall_layers, dreamdust_wasp_nest
Lair:2:   layout_cellular_growth, minmay_shoals_entry_lonely_mermaid,
          nicolae_snake_entry_squirm, serial_bayou_shore_a
Lair:3:   beast_lair_carwin_large_3, layout_layer_cave, uniq_fannar
Lair:4:   layout_cave_pods, serial_rivers, chequers_serial_rivers_small_3,
          chequers_serial_rivers_large_b, chequers_serial_rivers_large_a,
          chequers_serial_rivers_marsh, chequers_serial_rivers_small_a,
          chequers_serial_rivers_small_b
Lair:5:   due_jungle_book, layout_regular_city, minmay_slime_entry_oklob_open,
          grunt_megastairs_5, lemuel_fruit_tree, infiniplex_staircase_pool_2,
          uniq_nessos
Shoals:1: layout_shoals, gammafunk_ghost_tricky_traps
Orc:1:    layout_caves, nicolae_volcano_entry_hallway
Orc:2:    grunt_orc_community_town_hall, layout_caves,
          grunt_orc_community_big_house_1, grunt_orc_community_big_house_2,
          grunt_orc_community_house_2, grunt_orc_community_house_1,
          grunt_orc_community_house_2, grunt_orc_community_house_3,
          grunt_orc_community_house_1, serial_shops, nicolae_lakefront_shop,
          shop, shop, shop

Skill      XL: |  1  2  3  4  5  6  7  8  9 10 11 12 13 14 15 |
---------------+----------------------------------------------+-----
Armour         | 4 5 6 7 8 10 11 13 14 16 17 | 17.8
Dodging        | 1 2 3 4 5 7 8 9 10 11 | 11.5
Fighting       | 4 5 6 7 8 9 10 12 13 | 13.2
Axes           | 3 4 6 8 9 10 12 14 | 14.8
Shields        | 4 5 6 7 8 9 10 11 12 13 | 13.2
Evocations     | 1 2 3 4 5 6 7 8 9 |  9.5

Action                     |  1- 3 |  4- 6 |  7- 9 | 10-12 | 13-15 || total
---------------------------+-------+-------+-------+-------+-------++-------
  Melee: War axe           |    60 |   138 |   296 |   769 |  1239 ||  2502
         Headbutt          |     4 |    27 |    46 |   202 |   353 ||   632
 Invoke: Potion Petition   |       |       |       |     2 |     7 ||     9
         Call Merchant     |       |       |       |     1 |       ||     1
  Evoke: Wand              |       |       |       |     7 |    13 ||    20
         Lightning rod     |       |       |       |       |    13 ||    13
    Use: Potion            |     4 |     1 |     2 |     6 |    17 ||    30
         Scroll            |     2 |     8 |    11 |     2 |    14 ||    37
   Stab: Distracted        |       |       |     2 |     3 |     5 ||    10
 Armour: Scale mail        |    41 |    71 |   157 |   431 |   220 ||   920
         Shadow dragon sca |       |       |       |       |   125 ||   125
         Chain mail        |       |       |       |       |   391 ||   391
         Skin              |       |       |       |       |     6 ||     6
  Dodge: Dodged            |    27 |    77 |   160 |   464 |   630 ||  1358
  Block: Buckler           |    17 |    49 |   106 |   297 |   499 ||   968
